 Dungeon Crawl Stone Soup version 0.30-a0-852-g08b95dd62f (webtiles) character file.

Game seed: 15103493653402180377

100 bjtr the Digger (level 4, 0/24 HPs)
             Began as a Gargoyle Earth Elementalist on Mar 3, 2023.
             Killed by divine providence
             ... invoked by an orc priest
              (12 damage)
             ... on level 3 of the Dungeon on Mar 4, 2023.
             The game lasted 00:08:43 (2418 turns).

bjtr the Digger (Gargoyle Earth Elementalist)       Turns: 2418, Time: 00:08:44

Health: 0/24       AC:  6    Str: 12    XL:     4   Next: 74%
Magic:  6/8        EV: 12    Int: 17    God:
Gold:   109        SH:  0    Dex: 10    Spells: 1/9 levels left

rFire   . . .      SeeInvis .    a - +2 rapier (freeze)
rCold   . . .      Faith    .    (no shield)
rNeg    + . .      Spirit   .    s - +1 robe
rPois   ∞          Reflect  .    (no helmet)
rElec   +          Rampage  .    (no cloak)
rCorr   .                        (no gloves)
Will    .....                    (no boots)
Stlth   ++                       (no amulet)
HPRegen 0.24/turn                (no ring)
MPRegen 0.11/turn                (no ring)

@: hasted, very quick
A: sickness immunity, AC +3, negative energy resistance 1, electricity
resistance, torment resistance 1, petrification resistance
a: no special abilities


You were on level 3 of the Dungeon.
You visited 1 branch of the dungeon, and saw 3 of its levels.

You collected 109 gold pieces.

Inventory:

Hand Weapons
 a - a +2 rapier of freezing (weapon)
 d - a +0 dagger
 o - a +0 spear
 p - a +0 sling
 q - a +0 short sword
 r - a +0 hand axe
Missiles
 c - 5 poisoned darts (quivered)
 m - 3 boomerangs
Armour
 s - a +1 robe (worn)
Scrolls
 j - a scroll of immolation
Potions
 b - a potion of magic
 n - a potion of mutation {unknown}


   Skills:
 + Level 1.6 Dodging
 + Level 2.3 Stealth
 * Level 3.1 Spellcasting
 * Level 1.9 Conjurations
 - Level 0.7 Transmutations
 * Level 4.8 Earth Magic


You had one spell level left.
You knew the following spells:

 Your Spells              Type           Power      Damage    Failure   Level
a - Sandblast             Erth           38%        2d10      2%          1
b - Passwall              Tmut/Erth      10%        N/A       9%          2
c - Stone Arrow           Conj/Erth      28%        3d8       13%         3
e - Blink                 Tloc           4%         N/A       26%         2

Your spell library contained the following spells:

 Spells                   Type           Power      Damage    Failure   Level
 Apportation              Tloc           4%         N/A       17%         1
 Necrotise                Necr           8%         1d4       17%         1
 Summon Small Mammal      Summ           8%         N/A       17%         1
 Momentum Strike          Conj/Tloc      12%        3d8       17%         2
 Ensorcelled Hibernation  Hex/Ice        4%         N/A       26%         2
 Lesser Beckoning         Tloc           4%         N/A       26%         2
 Hailstorm                Conj/Ice       6%         3d4       34%         3
 Swiftness                Air            2%         N/A       45%         3
 Petrify                  Tmut/Erth      12%        N/A       50%         4
 Ice Form                 Ice/Tmut       3%         N/A       83%         4
 Simulacrum               Ice/Necr       1%         N/A       100%        6


Dungeon Overview and Level Annotations

Branches:
Dungeon (3/15)

Altars:
Uskayaw


Innate Abilities, Weirdness & Mutations

You are immune to sickness and miasma.
Your stone body is resilient. (AC +3)
You are immune to poison.
You resist negative energy. (rN+)
You are resistant to electric shocks. (rElec)
You are resistant to unholy torment.
You are immune to petrification.


Message History

Press: ? - help, Shift-Dir - straight line, f - orc
Aim: an orc, wielding a +0 whip (82% to hit)
The blast of sand hits the orc!
You kill the orc!
Casting: Sandblast (safe; 2% risk of failure)
Confirm with . or Enter, or press ? or * to list all spells.
Aiming: Sandblast (safe; 2% risk of failure)
Press: ? - help, Shift-Dir - straight line, f - orc priest
Aim: an orc priest, wielding a +0 club (82% to hit)
The blast of sand hits the orc but does no damage.
The orc barely misses you. The orc hits you with a +0 flail.
The orc barely misses you. The orc hits you with a +0 flail!
You hit the orc but do no damage. The orc hits you but does no damage.
The endoplasm freezes you.
You are frozen.
The orc attacks as you move away! The orc hits you with a +0 whip.
* * * LOW HITPOINT WARNING * * *
The orc misses you.
The orc priest casts a cantrip, but nothing happens.
The orc throws a boomerang.
The boomerang hits you but does no damage.
The orc barely misses you.
You feel much better. The orc misses you.
The orc priest calls down the wrath of Beogh upon you.
Beogh smites you!
Ouch! That really hurt!
The endoplasm barely misses you.
You hear a shout!
You feel better. The orc barely misses you. The endoplasm freezes you.
You are frozen.
The orc misses you. The orc barely misses you.
You feel yourself speed up. The orc barely misses you.
The orc hits you with a +0 dagger. The endoplasm barely misses you.
The orc closely misses you. The orc barely misses you.
The orc priest invokes the aid of Beogh against you.
Beogh smites you!
Ouch! That really hurt!
You die...

#....##.#.#.#.........#....
......................#####
...........##..............
...........###.#..########.
...............#..#
........)...####..#
........#oJo......#
....o...#.oo......#
........#.@.......##
..o)....#.............
....###.#......##.#### ....
#.#......# .# ...
#.#.......... ..
..#....#.....# ............
.....##.....# ......<
.....[


You could see an orc priest, 3 orcs and an endoplasm.

Vanquished Creatures
  2 adders (D:2)
  A worm (D:2)
  3 dart slugs (D:2)
  2 orcs (D:3)
  13 endoplasms
  4 giant cockroaches
  5 goblins
  2 hobgoblins
  2 jackals (D:1)
  2 quokkas
  5 ball pythons
  7 bats
  6 frilled lizards
  6 kobolds
  4 rats
64 creatures vanquished.

Notes
Turn   | Place    | Note
-------+----------+-------------------------------------------
     0 | D:1      | bjtr the Gargoyle Earth Elementalist began the quest for
                  | the Orb.
     0 | D:1      | Reached XP level 1. HP: 10/10 MP: 3/3
   133 | D:1      | Reached skill level 1 in Conjurations
   133 | D:1      | Reached XP level 2. HP: 12/15 MP: 1/5
   344 | D:1      | Reached skill level 4 in Earth Magic
   676 | D:1      | Upgraded the game from 0.30-a0-845-g7c6808c8ce to
                  | 0.30-a0-852-g08b95dd62f
   778 | D:1      | Reached XP level 3. HP: 19/19 MP: 4/6
  1321 | D:2      | Learned a level 2 spell: Passwall
  1325 | D:2      | Learned a level 3 spell: Stone Arrow
  1711 | D:2      | Reached XP level 4. HP: 24/24 MP: 6/8
  1714 | D:2      | Learned a level 2 spell: Blink
  2064 | D:2      | Found a hide-covered altar of Uskayaw.
  2418 | D:3      | Killed from afar by an orc priest

Illustrated notes

Levels and vault maps discovered:
D:1:      dpeg_arrival_fog, layout_basic
D:2:      minmay_diamond_boxcup, layout_basic, basic_altar,
          minmay_misc_feat_rugged
D:3:      layout_basic, nicolae_ecumenical_lake_church, serial_shops,
          nicolae_shop_waterfront, shop, nrook_uturn

Skill      XL: |  1  2  3  4 |
---------------+-------------+-----
Conjurations   | 1 |  1.9
Earth Magic    | 4 |  4.8
Spellcasting   | 3 |  3.1
Dodging        | |  1.6
Stealth        | |  2.3
Transmutations | |  0.7

Action                     |  1- 3 |  4- 6 || total
---------------------------+-------+-------++-------
  Melee: Dagger            |    15 |       ||    15
         Rapier            |       |     8 ||     8
  Throw: Dart              |     4 |       ||     4
   Cast: Sandblast         |    45 |    28 ||    73
         Passwall          |     1 |       ||     1
    Use: Scroll            |       |     7 ||     7
         Potion            |       |     3 ||     3
   Stab: Sleeping          |     1 |     1 ||     2
 Armour: Robe              |    11 |     4 ||    15
  Dodge: Dodged            |    14 |    23 ||    37

Table legend: (Time is in decaauts)
 A = Elapsed time spent in this place.
 B = Non-inter-level travel time spent in this place.
 C = Inter-level travel time spent in this place.
 D = Time resting spent in this place.
 E = Time spent auto-exploring this place.
 F = Levels seen in this place.
 G = Mean time per level.
                   A        B        C        D        E       F      G
               +--------+--------+--------+--------+--------+-----+--------+
         Total |   2454 |   2389 |     65 |    316 |   1640 |   3 |  818.0 |
       Dungeon |   2454 |   2389 |     65 |    316 |   1640 |   3 |  818.0 |
               +--------+--------+--------+--------+--------+-----+--------+

Top non-repeatable levels by time:
     D:1: 1159 daAuts
     D:2: 1008 daAuts
     D:3: 286 daAuts
